 Dungeon Crawl Stone Soup version 0.29-a0-490-g77b3608bb8 (webtiles) character file.

Game seed: 14746161721063021834

119 testman the Cutter (level 5, -1/37 HPs)
             Began as a Gnoll Wanderer on May 26, 2022.
             Was a Believer of Cheibriados.
             Slain by Grinder (4 damage)
             ... on level 3 of the Dungeon.
             The game lasted 00:06:18 (2545 turns).

testman the Cutter (Gnoll Wanderer)                 Turns: 2545, Time: 00:06:19

Health: -1/37      AC:  4    Str: 13 (16) XL:     5   Next: 3%
Magic:  9/9        EV: 17    Int: 15 (16) God:    Cheibriados [**....]
Gold:   56         SH:  0    Dex: 16      Spells: 9/10 levels left

rFire   . . .      SeeInvis .   a - +2 short sword
rCold   . . .      Faith    .   (no shield)
rNeg    . . .      Spirit   .   e - +0 leather armour
rPois   .          Reflect  .   (no helmet)
rElec   .          Harm     .   c - +0 cloak
rCorr   .          Rampage  .   (no gloves)
Will    .....                   (no boots)
Stlth   ++........              g - amulet of magic regeneration
HPRegen 0.12/turn               j - +4 ring of evasion
MPRegen 0.51/turn               (no ring)

@: mighty, very slow
A: fangs 1, strong nose, distributed training
a: Renounce Religion, Bend Time


You were on level 3 of the Dungeon.
You worshipped Cheibriados.
Cheibriados was pleased with you.
You visited 1 branch of the dungeon, and saw 3 of its levels.

You collected 56 gold pieces.

Inventory:

Hand Weapons
 a - a +2 short sword (weapon)
 b - a +0 hand axe
Missiles
 o - 2 poisoned darts (quivered)
Armour
 c - a +0 cloak (worn)
 e - a +0 leather armour (worn)
Jewellery
 g - an amulet of magic regeneration (around neck)
 j - a +4 ring of evasion (left hand)
Scrolls
 d - 2 scrolls of silence
 i - 2 scrolls of vulnerability {unknown}
 k - 2 scrolls of identify {unknown}
 n - a scroll of magic mapping {unknown}
Potions
 f - a potion of degeneration
 m - a potion of mutation {unknown}


   Skills:
 + Level 1.3 Fighting
 + Level 6.6 Short Blades
 + Level 1.3 Long Blades
 + Level 2.8 Axes
 + Level 1.3 Maces & Flails
 + Level 1.3 Polearms
 + Level 1.3 Staves
 + Level 1.3 Slings
 + Level 1.3 Bows
 + Level 1.3 Crossbows
 + Level 2.8 Throwing
 + Level 2.8 Armour
 + Level 4.7 Dodging
 + Level 2.6 Stealth
 + Level 1.3 Shields
 + Level 1.3 Unarmed Combat
 + Level 3.1 Spellcasting
 + Level 1.0 Conjurations
 + Level 1.0 Hexes
 + Level 1.0 Summonings
 + Level 1.0 Necromancy
 + Level 1.0 Translocations
 + Level 1.0 Transmutations
 + Level 1.0 Fire Magic
 + Level 1.0 Ice Magic
 + Level 1.0 Air Magic
 + Level 1.0 Earth Magic
 + Level 1.0 Poison Magic
 + Level 1.4 Invocations
 + Level 1.3 Evocations


You had 9 spell levels left.
You knew the following spells:

 Your Spells              Type           Power      Damage    Failure   Level
a - Slow                  Hex            20%        N/A       16%         1

Your spell library contained the following spells:

 Spells                   Type           Power      Damage    Failure   Level
 Necrotize                Necr           20%        1d5       16%         1
 Sting                    Tmut/Pois      20%        1d4       16%         1
 Poisonous Vapours        Pois/Air       10%        N/A       24%         2
 Confusing Touch          Hex            5%         N/A       43%         3
 Vampiric Draining        Necr           5%         2d6       43%         3
 Olgreb's Toxic Radiance  Pois           5%         N/A       85%         4
 Agony                    Necr           5%         N/A       99%         5
 Yara's Violent Unravell  Hex/Tmut       2%         3d3       99%         5
 Enfeeble                 Hex            2%         N/A       100%        7


Dungeon Overview and Level Annotations

Branches:
Dungeon (3/15)

Altars:
Cheibriados
Makhleb

Annotations:
D:3 Grinder


Innate Abilities, Weirdness & Mutations

You have very sharp teeth.
Your uncanny sense of smell can sniff out nearby items.
Your experience applies equally to all skills.


Message History

You kill the hobgoblin!
Cheibriados appreciates the change of pace.
You have reached level 5!
You closely miss the hobgoblin. The hobgoblin closely misses you.
You puncture the hobgoblin!
You kill the hobgoblin!
Cheibriados thoroughly appreciates the change of pace.
Grinder blinks!
You feel your dexterity returning.
You puncture the goblin!
You kill the goblin!
Cheibriados thoroughly appreciates the change of pace.
Throw: 3 darts (poison)
Press: ? - help, Q - select action, (/) - cycle Shift-Dir - straight line, f - Grinder, p - goblin
Aim: Grinder (lightly wounded, 57% to hit)
You throw a poisoned dart.
The poisoned dart barely misses Grinder.
Grinder blinks!
You closely miss the goblin. The goblin misses you.
You puncture Grinder!
Grinder is moderately wounded.
Grinder misses you. The goblin hits you with a +0 club.
* * * LOW HITPOINT WARNING * * *
You barely miss Grinder.
Grinder is moderately wounded.
Grinder says, "I used to sell toenails on the black market."
Grinder closely misses you. The goblin misses you.
You closely miss Grinder.
Grinder is moderately wounded.
The goblin no longer looks unusually strong.
You closely miss Grinder.
Grinder is moderately wounded.
The goblin completely misses you. Grinder hits you.
* * * LOW HITPOINT WARNING * * *
You barely miss Grinder. You bite Grinder.
Grinder is moderately wounded.
The goblin barely misses you. Grinder hits you.
* * * LOW HITPOINT WARNING * * *
You writhe in agony.
You die...

.....####..##.#.#
###.............# ..
................. ∆
#.# .##..###.####.###
... # #..# #.# #.# #.#
## ##..# #.# #.# ...
#. #...# #.# #.#
#g###.# #. #...#
#.####.####gg..... #.
#...# #.......5@gg# #.
#...###..##.#####.(.#∆
#. #........##.## #.##
#. #............# .#
#. ###.##.#####.# # #.
#.##.# #.#####.#
.######. #.#..#
#†......# ........
.....# #<#######
#######. #....#####.#
#.


You could see Grinder, a hobgoblin and 4 goblins.

Vanquished Creatures
  Robin (D:3)
  4 adders
  A worm (D:2)
  2 dart slugs
  6 bats
  7 endoplasms
  2 giant cockroaches
  9 goblins
  9 hobgoblins
  4 jackals
  3 kobolds
  2 quokkas
  3 ball pythons
  3 frilled lizards
  2 rats
58 creatures vanquished.

Notes
Turn   | Place    | Note
-------+----------+-------------------------------------------
     0 | D:1      | testman the Gnoll Wanderer began the quest for the Orb.
     0 | D:1      | testman set off with the following items: a +2 short sword,
                  | a +0 hand axe, a +0 cloak, a scroll of silence, a +0
                  | leather armour
     0 | D:1      | Reached XP level 1. HP: 13/13 MP: 4/4
   199 | D:1      | Reached XP level 2. HP: 3/19 MP: 5/5
   771 | D:1      | Found a faded altar of an unknown god.
   774 | D:1      | Reached XP level 3. HP: 25/25 MP: 7/7
   786 | D:1      | Prayed at the altar of an unknown god.
   786 | D:1      | Became a worshipper of Cheibriados the Contemplative
   786 | D:1      | Reached * piety under Cheibriados
  1227 | D:2      | Found a burning altar of Makhleb.
  1270 | D:2      | Reached skill level 1 in Invocations
  1347 | D:2      | Reached skill level 1 in Fighting
  1347 | D:2      | Reached skill level 1 in Long Blades
  1347 | D:2      | Reached skill level 1 in Maces & Flails
  1347 | D:2      | Reached skill level 1 in Polearms
  1347 | D:2      | Reached skill level 1 in Staves
  1347 | D:2      | Reached skill level 1 in Slings
  1347 | D:2      | Reached skill level 1 in Bows
  1347 | D:2      | Reached skill level 1 in Crossbows
  1347 | D:2      | Reached skill level 1 in Shields
  1347 | D:2      | Reached skill level 1 in Unarmed Combat
  1347 | D:2      | Reached skill level 1 in Evocations
  1539 | D:2      | Reached XP level 4. HP: 32/32 MP: 8/8
  2373 | D:3      | Reached ** piety under Cheibriados
  2428 | D:3      | Reached skill level 1 in Conjurations
  2428 | D:3      | Reached skill level 1 in Hexes
  2428 | D:3      | Reached skill level 1 in Summonings
  2428 | D:3      | Reached skill level 1 in Necromancy
  2428 | D:3      | Reached skill level 1 in Translocations
  2428 | D:3      | Reached skill level 1 in Transmutations
  2428 | D:3      | Reached skill level 1 in Fire Magic
  2428 | D:3      | Reached skill level 1 in Ice Magic
  2428 | D:3      | Reached skill level 1 in Air Magic
  2428 | D:3      | Reached skill level 1 in Earth Magic
  2428 | D:3      | Reached skill level 1 in Poison Magic
  2430 | D:3      | Learned a level 1 spell: Slow
  2513 | D:3      | Noticed Robin
  2513 | D:3      | Noticed Grinder
  2528 | D:3      | Killed Robin
  2536 | D:3      | Reached XP level 5. HP: 12/37 MP: 9/9
  2545 | D:3      | Slain by Grinder

Illustrated notes

Levels and vault maps discovered:
D:1:      lemuel_arrival_behind_the_door_large, layout_loops_cross,
          chequers_ecumenical_altar_island, st_stairs_7, hangedman_decor_push,
          skrybe_limestone_x, serial_bayou_pond_c
D:2:      minmay_inner_zag, layout_loops_corners, basic_altar
D:3:      layout_loops_ring, minmay_misc_feat_roman, uniq_robin, uniq_terence,
          uniq_grinder

Skill      XL: |  1  2  3  4 |
---------------+-------------+-----
Invocations    | 1 |  1.4
Fighting       | 1 |  1.3
Long Blades    | 1 |  1.3
Maces & Flails | 1 |  1.3
Polearms       | 1 |  1.3
Staves         | 1 |  1.3
Slings         | 1 |  1.3
Bows           | 1 |  1.3
Crossbows      | 1 |  1.3
Shields        | 1 |  1.3
Unarmed Combat | 1 |  1.3
Evocations     | 1 |  1.3
Spellcasting   | 3 |  3.1
Conjurations   | 1 |  1.0
Hexes          | 1 |  1.0
Summonings     | 1 |  1.0
Necromancy     | 1 |  1.0
Translocations | 1 |  1.0
Transmutations | 1 |  1.0
Fire Magic     | 1 |  1.0
Ice Magic      | 1 |  1.0
Air Magic      | 1 |  1.0
Earth Magic    | 1 |  1.0
Poison Magic   | 1 |  1.0
Short Blades   | |  6.6
Axes           | |  2.8
Throwing       | |  2.8
Armour         | |  2.8
Dodging        | |  4.7
Stealth        | |  2.6

Action                   |  1- 3 |  4- 6 || total
-------------------------+-------+-------++-------
Melee: Short sword       |    85 |    65 ||   150
       Bite              |     5 |     5 ||    10
       Punch             |     2 |     1 ||     3
Throw: Dart              |       |     2 ||     2
  Use: Potion            |     1 |     3 ||     4
 Stab: Sleeping          |     8 |     4 ||    12
Armor: Leather armour    |    20 |     5 ||    25
       Skin              |     4 |       ||     4
Dodge: Dodged            |    44 |    39 ||    83

Table legend: (Time is in decaauts)
 A = Elapsed time spent in this place.
 B = Non-inter-level travel time spent in this place.
 C = Inter-level travel time spent in this place.
 D = Time resting spent in this place.
 E = Time spent auto-exploring this place.
 F = Levels seen in this place.
 G = Mean time per level.
                   A        B        C        D        E       F      G
               +--------+--------+--------+--------+--------+-----+--------+
         Total |   3124 |   2940 |    184 |    272 |   2278 |   3 | 1041.3 |
       Dungeon |   3124 |   2940 |    184 |    272 |   2278 |   3 | 1041.3 |
               +--------+--------+--------+--------+--------+-----+--------+

Top non-repeatable levels by time:
     D:2: 1633 daAuts
     D:1: 1035 daAuts
     D:3: 456 daAuts
